 Dungeon Crawl Stone Soup version 0.22.0-6-g71bd7aa6b3 (webtiles) character file.

1119 Pisosu the Cleaver (level 8, -3/71 HPs)
             Began as a Minotaur Berserker on Aug 14, 2018.
             Was an Elder of Trog.
             Killed by nerve-wracking pain
             ... invoked by an orc priest
              (11 damage)
             ... on level 5 of the Dungeon.
             The game lasted 00:10:08 (4520 turns).

Pisosu the Cleaver (Minotaur Berserker)             Turns: 4520, Time: 00:10:09

Health: -3/71      AC: 11    Str: 28    XL:     8   Next: 12%
Magic:  7/7        EV: 10    Int:  4    God:    Trog [****..]
Gold:   211        SH:  0    Dex: 10    Spells: 7/7 levels left

rFire    x . .     SeeInvis .   a - +0 hand axe
rCold    + . .     Gourm    .   (no shield)
rNeg     . . .     Faith    +   o - +0 chain mail
rPois    .         Spirit   .   (helmet restricted)
rElec    .         Reflect  .   (no cloak)
rCorr    .         Harm     .   u - +0 pair of gloves
MR       .....                  (no boots)
Stlth    ..........             t - amulet of faith
HPRegen  0.21/turn              k - +4 ring of strength
MPRegen  0.10/turn              s - ring of ice

@: no status effects
A: retaliatory headbutt, horns 2
a: Berserk, Trog's Hand, Brothers in Arms, Renounce Religion


You were on level 5 of the Dungeon.
You worshipped Trog.
Trog was greatly pleased with you.
You were very hungry.

You visited 1 branch of the dungeon, and saw 5 of its levels.
You also visited: Sewer.

You collected 211 gold pieces.

Inventory:

Hand Weapons
 a - a +0 hand axe (weapon)
Armour
 o - a +0 chain mail (worn)
 u - a +0 pair of gloves (worn)
Jewellery
 d - the amulet of Starshine {+Rage rF+ Str+2 Dex+6, unknown}
   (You found it on level 4 of the Dungeon)

   [amulet of rage]

   It affects your strength (+2).
   It affects your dexterity (+6).
   It protects you from fire.
   It lets you go berserk.
 k - a +4 ring of strength (left hand)
 s - a ring of ice (right hand)
 t - an amulet of faith (around neck)
Wands
 b - a wand of clouds (4)
 m - a wand of flame (58)
Scrolls
 f - 2 scrolls of fog
 g - a scroll of remove curse
 i - 3 scrolls of teleportation {unknown}
 l - a scroll of immolation
 q - 2 scrolls of enchant armour
 x - 2 scrolls of fear
Potions
 e - 3 potions of curing
 h - a potion of flight
 j - a potion of agility {unknown}
 n - 2 potions of might
 p - a potion of brilliance {unknown}
 r - a potion of mutation {unknown}
 v - a potion of invisibility {unknown}
 w - a potion of magic {unknown}
 z - a potion of haste
Comestibles
 c - 8 rations


   Skills:
 + Level 6.3 Fighting
 + Level 8.3 Axes
 + Level 6.3 Armour
 + Level 4.0 Dodging


You had 7 spell levels left.
You didn't know any spells.
Your spell library was empty.

Dungeon Overview and Level Annotations

Branches:
Dungeon (5/15)
 Temple: D:4-7

Altars:
Qazlal
Yredelemnul


Innate Abilities, Weirdness & Mutations

You reflexively headbutt those who attack you in melee.
You have a pair of horns on your head.


Message History

You hit the orc warrior but do no damage.
The orc warrior is lightly wounded.
The orc warrior hits you but does no damage.
You hit the orc warrior but do no damage.
Your headbutt misses the orc warrior.
The orc warrior is lightly wounded.
You closely miss the orc warrior.
The orc warrior is lightly wounded.
The orc warrior hits you with a flail of crushing.
You completely miss the orc warrior.
The orc warrior is lightly wounded.
The orc warrior hits you with a flail of crushing!
* * * LOW HITPOINT WARNING * * *
The orc priest calls down the wrath of Beogh upon you.
Beogh smites you!
* * * LOW HITPOINT WARNING * * *
You are feeling very hungry.
The orc priest mumbles some strange prayers to Beogh against you.
Pain shoots through your body!
You die...

#.# #..###... #.#
#.....### #.## ##....#
.#.. ..####..###....##
..... #.......##.....##
.....
##..#^..........#####....
#. ###.....###..#.....#
#.....###.........#
#.....####.#@o....###
#.....##............#
#.........######o###..#
......##... ## ##o##
...### #.. #..###.# ##
#o..#?# #(## #..o8(o#.#
#..#.#o ##


You could see an orc warrior, an orc priest and an orc.

Vanquished Creatures
  A human (D:3)
  Menkaure (D:5)
  6 big kobolds (Sewer)
  A scorpion (D:4)
  A hound (D:4)
  A centaur skeleton (D:4)
  An orc wizard (D:3)
  An orc priest (D:3)
  Jessica (D:2)
  2 worker ants (D:4)
  A hound zombie (D:5)
  10 adders
  2 river rats (Sewer)
  An ooze (Sewer)
  An adder zombie (D:3)
  3 worms (Sewer)
  6 dart slugs
  4 leopard geckos
  6 orcs
  8 ball pythons
  4 giant cockroaches
  4 goblins
  5 hobgoblins
  2 quokkas
  3 bats
  6 frilled lizards
  2 jackal zombies
  7 kobolds
  4 rats
  A spectral orc (D:2)
96 creatures vanquished.

Notes
Turn   | Place    | Note
-------+----------+-------------------------------------------
     0 | D:1      | Pisosu the Minotaur Berserker began the quest for the Orb.
     0 | D:1      | Reached XP level 1. HP: 19/19 MP: 0/0
   661 | D:1      | Reached XP level 2. HP: 27/27 MP: 1/1
  1195 | D:2      | Reached skill level 4 in Axes
  1245 | D:2      | Found a stormy altar of Qazlal.
  1376 | D:2      | Noticed Jessica
  1378 | D:2      | Killed Jessica
  1378 | D:2      | Reached XP level 3. HP: 34/34 MP: 2/2
  1406 | D:2      | Found a basalt altar of Yredelemnul.
  1858 | D:3      | Reached ** piety under Trog
  1891 | D:3      | Reached XP level 4. HP: 29/41 MP: 3/3
  1908 | D:3      | Reached skill level 5 in Axes
  1932 | D:3      | HP: 2/41 [kobold/wand of flame (32) (7)]
  2369 | D:3      | Reached XP level 5. HP: 45/47 MP: 4/4
  2405 | D:3      | Found a runed door.
  2405 | D:3      | Noticed a human
  2410 | D:3      | Found a basalt altar of Yredelemnul.
  2426 | D:3      | Killed a human
  2426 | D:3      | Reached skill level 5 in Fighting
  2426 | D:3      | Reached XP level 6. HP: 40/56 MP: 5/5
  2826 | D:3      | Reached skill level 6 in Axes
  3247 | D:4      | Got a transparent lead amulet
  3305 | D:4      | Found a glowing drain.
  3371 | Sewer    | Entered a sewer
  3419 | Sewer    | Reached *** piety under Trog
  3502 | Sewer    | Reached skill level 5 in Armour
  3502 | Sewer    | Reached XP level 7. HP: 56/62 MP: 6/6
  3545 | Sewer    | Reached skill level 7 in Axes
  4068 | D:4      | Reached skill level 8 in Axes
  4236 | D:4      | Reached **** piety under Trog
  4301 | D:5      | Entered Level 5 of the Dungeon
  4480 | D:5      | Reached XP level 8. HP: 67/70 MP: 7/7
  4507 | D:5      | Noticed Menkaure
  4509 | D:5      | Killed Menkaure
  4520 | D:5      | Killed from afar by an orc priest

Skill      XL: |  1  2  3  4  5  6  7  8 |
---------------+-------------------------+-----
Fighting       | 4 5 6 |  6.3
Axes           | 4 5 6 8 |  8.3
Armour         | 3 4 5 6 |  6.3
Dodging        | 3 4 |  4.0

Action                   |  1- 3 |  4- 6 |  7- 9 || total
-------------------------+-------+-------+-------++-------
Melee: Hand axe          |    59 |   129 |   145 ||   333
       Headbutt          |     8 |    19 |    22 ||    49
  Use: Scroll            |     5 |     2 |     4 ||    11
  Eat: Chunk             |     2 |     6 |     3 ||    11
Armor: Ring mail         |     9 |     8 |       ||    17
       Animal skin       |     2 |       |       ||     2
       Chain mail        |       |    54 |    56 ||   110
Dodge: Dodged            |    25 |    58 |    65 ||   148
